 Dungeon Crawl Stone Soup version 0.24-a0-132-ge4b1dce (webtiles) character file.

Game seed: 8605553009856686139

38 zishaf the Vexing (level 3, 0/27 HPs)
             Began as a Formicid Arcane Marksman on Feb 28, 2019.
             Slain by a worm (6 damage)
             ... on level 1 of the Dungeon.
             The game lasted 00:02:17 (1418 turns).

zishaf the Vexing (Formicid Arcane Marksman)        Turns: 1418, Time: 00:02:17

Health: 0/27       AC:  5    Str: 13    XL:     3   Next: 65%
Magic:  4/4        EV: 11    Int: 12    God:
Gold:   28         SH:  0    Dex: 11    Spells: 3/4 levels left

rFire    . . .     SeeInvis +   a - +0 hand axe
rCold    . . .     Gourm    .   (no shield)
rNeg     . . .     Faith    +   l - +0 ring mail
rPois    .         Spirit   .   (helmet unavailable)
rElec    .         Reflect  .   (no cloak)
rCorr    .         Harm     .   (no gloves)
MR       .....                  (no boots)
Stlth    +.........             p - amulet of faith
HPRegen  0.09/turn              h - -2 ring of strength (curse)
MPRegen  0.09/turn              (no ring)

@: no status effects
A: permanent stasis, dig shafts and tunnels, four strong arms, antennae 3
a: Dig, Shaft Self


You were on level 1 of the Dungeon.
You were hungry.

You visited 1 branch of the dungeon, and saw 2 of its levels.

You collected 28 gold pieces.

Inventory:

Hand Weapons
 a - a +0 hand axe (weapon)
 b - a +0 hand crossbow
Missiles
 c - 22 stones (quivered)
 d - 27 bolts
 k - 14 sling bullets
Armour
 l - a +0 ring mail (worn)
Jewellery
 h - a cursed -2 ring of strength (left hand)
 p - an amulet of faith (around neck)
Scrolls
 g - 3 scrolls of magic mapping {unknown}
 i - a scroll of enchant weapon {unknown}
 j - 2 scrolls of random uselessness {unknown}
 m - 2 scrolls of teleportation {unknown}
 o - a scroll of amnesia {unknown}
Potions
 e - a potion of curing {unknown}
 n - a potion of invisibility {unknown}
Comestibles
 f - 3 rations


   Skills:
 + Level 2.2 Fighting
 + Level 2.7 Crossbows
 - Level 2.0 Dodging
 - Level 1.1 Spellcasting
 - Level 4.0 Hexes


You had 3 spell levels left.
You knew the following spells:

 Your Spells              Type           Power        Failure   Level  Hunger
a - Corona                Hex            ##.....      13%         1    ##.....

Your spell library contained the following spells:

 Spells                   Type           Power        Failure   Level  Hunger
 Slow                     Hex            ##......     19%         2    ###....
 Inner Flame              Hex/Fire       #.......     65%         3    ####...
 Portal Projectile        Hex/Tloc       #.....       65%         3    ####...
 Cause Fear               Hex            ##........   77%         4    #####..
 Leda's Liquefaction      Hex/Erth       #.........   96%         4    #####..


Dungeon Overview and Level Annotations

Branches:
Dungeon (2/15)

Altars:


Innate Abilities, Weirdness & Mutations

You cannot be hasted, slowed, berserked, paralysed or teleported.
You can dig through walls and to a lower floor.
Your four strong arms can wield two-handed weapons with a shield.
You have a pair of large antennae on your head. (SInv)


Message History

The worm bites you.
You hit the worm.
The worm is severely wounded.
The worm bites you!
* * * LOW HITPOINT WARNING * * *
You completely miss the worm.
The worm is heavily wounded.
The worm bites you but does no damage.
You barely miss the worm.
The worm is heavily wounded.
The worm closely misses you.
You hit the worm but do no damage.
The worm is heavily wounded.
You hit the worm but do no damage.
The worm is heavily wounded.
The worm bites you but does no damage.
You hit the worm.
The worm is severely wounded.
The worm bites you.
You die...

..# ##.#.## ##.##.....##.##.
..#######.#.# #.##.#####.##.#.
.........(..# #.#.##...##.##..
........##.## ##.#.#.###.##.#..
.......###.# #P.#.#.#P##.#.##.
.......# #.## ###.#.#....#.#..#.
.......# #..# #.#.#.##P#.#.##<##
>...)..# ##.# #.#.##.###.##.###
######## #.## #@##.##....P#.P###
#..###w###.#######.##.#
###########.)..r.###.......##..#
#.......# ##.....# ####P######.#
#.....w.####.....#########..##.#
#..>.).w{...............#..###.#
#........w................##....
#.......####.....###########....
#.......# #.....# #....


You could see a worm and a rat.

Vanquished Creatures
  An ooze (D:1)
  2 worms (D:1)
  2 dart slugs (D:1)
  A leopard gecko (D:1)
  2 goblins (D:1)
  4 hobgoblins (D:1)
  4 jackals (D:1)
  2 bats (D:1)
  A frilled lizard (D:1)
  2 kobolds (D:1)
  2 rats (D:1)
23 creatures vanquished.

Vanquished Creatures (others)
  7 toadstools (D:1)
7 creatures vanquished.

Grand Total: 30 creatures vanquished

Notes
Turn   | Place    | Note
-------+----------+-------------------------------------------
     0 | D:1      | zishaf the Formicid Arcane Marksman began the quest for the
                  | Orb.
     0 | D:1      | Reached XP level 1. HP: 15/15 MP: 2/2
   339 | D:1      | Reached XP level 2. HP: 21/21 MP: 3/3
   913 | D:1      | Reached skill level 4 in Hexes
  1128 | D:1      | Reached XP level 3. HP: 22/27 MP: 4/4
  1418 | D:1      | Slain by a worm

Levels and vault maps discovered:
D:1:      nagdon_arrival_double_spiral, layout_rooms, minmay_misc_feat_roman
D:2:      layout_rooms, first_ration, minmay_tiny_reverse_x

Skill      XL: |  1  2  3 |
---------------+----------+-----
Dodging        | 2 |  2.0
Hexes          | 4 |  4.0
Fighting       | 2 |  2.2
Crossbows      | |  2.7
Spellcasting   | |  1.1

Action                   || total
-------------------------++-------
Melee: Unarmed           ||    17
       Hand axe          ||    57
 Fire: Hand crossbow     ||    27
 Stab: Sleeping          ||     1
  Eat: Chunk             ||     1
Armor: Robe              ||     9
       Ring mail         ||    36
Dodge: Dodged            ||    67

Table legend:
 A = Non-vault XP
 B = Vault XP
 C = Vault XP percentage of total XP
 D = Non-vault monster count
 E = Vault monster count
 F = Vault count percentage of total count
                 A         B        C        D         E       F
            +---------+---------+-------+---------+---------+-------
      Total |      55 |       0 |   0.0 |      23 |       0 |   0.0
            +---------+---------+-------+---------+---------+-------
        D:1 |      55 |       0 |   0.0 |      23 |       0 |   0.0
            +---------+---------+-------+---------+---------+-------
